AoeStats
← brinepirate

Arabia

510126792Analyzed
2v2 RM · 4d ago on Sep 29, 2026· 63m 7s· 4 players
Game mode
Random Map
Map size
Medium (4 player)
Population
200
Speed
Normal
Resources
Standard
Victory
Conquest
Starting age
Dark Age
Ending age
Imperial Age
RankedLock teamsTeams togetherTeam positionsShared explorationLock speedFull tech treeHidden civsTurbo modeCheats
Victory
Defeat
🇩🇪 Magyars · Germany
1091
+15
🇫🇷 Mongols · France
1053
+17
🇺🇸 Ethiopians · United States
1077
-16
🇺🇸 Magyars · United States
1071
-16
brinepirate
8:48 Loom
10:37 Feudal Age
12:00 Double-Bit Axe
17:17 Castle Age
20:07 Wheelbarrow
22:09 Husbandry
26:24 Hand Cart
27:43 Bloodlines
30:50 Scale Barding Armor
32:02 Chain Barding Armor
35:51 Gold Mining
43:53 Imperial Age
45:33 Cavalier
45:41 Light Cavalry
46:48 Hussar
47:54 Elite Magyar Huszar
48:56 Conscription
49:37 Paladin
51:33 Plate Barding Armor
SprayinNPrayin
9:59 Feudal Age
8:16 Loom
15:22 Double-Bit Axe
21:46 Castle Age
19:41 Fletching
22:24 Bodkin Arrow
22:30 Padded Archer Armor
23:36 Bow Saw
22:59 Crossbowman
23:46 Thumb Ring
25:23 Elite Skirmisher
27:00 Leather Archer Armor
26:35 Horse Collar
29:40 Heavy Plow
31:39 Ballistics
39:54 Imperial Age
37:40 Town Watch
38:31 Wheelbarrow
39:01 Masonry
39:09 Royal Heirs
40:10 Arbalester
40:57 Bracer
41:27 Ring Archer Armor
41:49 Conscription
45:15 Torsion Engines
47:06 Forging
46:56 Scale Mail Armor
50:48 Halberdier
51:46 Chain Mail Armor
52:07 Iron Casting
53:11 Plate Mail Armor
54:51 Squires
55:55 Blast Furnace
DasEd86
6:52 Loom
9:28 Feudal Age
10:17 Double-Bit Axe
10:28 Horse Collar
15:31 Fletching
21:56 Castle Age
20:38 Padded Archer Armor
22:27 Bloodlines
22:59 Bodkin Arrow
24:17 Husbandry
25:12 Thumb Ring
25:37 Scale Barding Armor
25:29 Elite Skirmisher
31:17 Bow Saw
32:46 Leather Archer Armor
34:39 Ballistics
38:22 Imperial Age
36:09 Gold Mining
39:08 Bracer
40:11 Chemistry
39:37 Light Cavalry
42:41 Chain Barding Armor
43:13 Hussar
44:35 Plate Barding Armor
45:57 Wheelbarrow
55:14 Heavy Plow
55:58 Scale Mail Armor
56:29 Ring Archer Armor
58:52 Conscription
62:44 Masonry
Morgoth_Ak
5:06 Loom
9:51 Feudal Age
10:29 Double-Bit Axe
12:59 Forging
16:58 Wheelbarrow
16:26 Gold Mining
18:13 Scale Mail Armor
22:23 Castle Age
22:33 Scale Barding Armor
23:52 Bloodlines
23:05 Light Cavalry
24:04 Bow Saw
24:05 Husbandry
25:40 Horse Collar
28:02 Hand Cart
28:27 Town Watch
29:37 Fletching
29:48 Padded Archer Armor
30:39 Bodkin Arrow
31:24 Leather Archer Armor
30:48 Pikeman
32:18 Stone Mining
34:13 Light Cavalry
43:10 Chain Barding Armor
43:25 Iron Casting
47:00 Imperial Age
46:55 Nomads
47:20 Chain Mail Armor
47:17 Capped Ram
47:24 Cavalier
48:36 Bracer
49:36 Blast Furnace
49:07 Plate Mail Armor
49:00 Ballistics
49:41 Chemistry
48:13 Siege Ram
49:39 Gold Shaft Mining
50:04 Conscription
49:06 Elite Mangudai
52:07 Hussar
55:21 Drill
57:41 Masonry
57:27 Murder Holes
Connection lost

Rejoining the realm…

Still unreachable

The connection could not be restored.

Session expired

The server has moved on; the page needs a fresh start.